 Dungeon Crawl Stone Soup version 0.17.2-1-ge4368a0 (webtiles) character file.

2 Goblin1989 the Grave Robber (level 1, -1/13 HPs)
             Began as a Demonspawn Wanderer on Oct 12, 2016.
             Slain by a giant newt (3 damage)
             ... on level 1 of the Dungeon.
             The game lasted 00:01:37 (312 turns).

Goblin1989 the Grave Robber (Demonspawn Wanderer)    Turns: 312, Time: 00:01:37

Health: -1/13      AC:  2    Str: 13    XL:     1   Next: 33%
Magic:  4/4        EV: 11    Int: 12    God:
Gold:   5          SH:  0    Dex: 12    Spells: 2 memorised, 4 levels left

rFire  . . .     SeeInvis .     (no weapon)
rCold  . . .     Clarity  .     e - +0 robe
rNeg   . . .     SustAt   .     (no shield)
rPois  .         Gourm    .     (no helmet)
rElec  .         Spirit   .     (no cloak)
rCorr  .         Warding  .     (no gloves)
rMut   .         Stasis   .     (no boots)
MR     .....                    (no amulet)
Stlth  +.........               (no ring)
                                (no ring)

@: not resistant to hostile enchantments, very unstealthy
A: no striking features
a: no special abilities


You were on level 1 of the Dungeon.
You were not hungry.

You visited 1 branch of the dungeon, and saw 1 of its levels.

You collected 5 gold pieces.

Inventory:

Hand Weapons
 q - a +2 blowgun {@w1}
Missiles
 a - 3 curare-tipped needles
Armour
 e - a +0 robe (worn)
Scrolls
 g - 2 scrolls of identify {unknown}
Potions
 b - a potion of lignification {unknown}
Books
 c - the Guide on Transmigration

   Spells                             Type                      Level
   a - Beastly Appendage              Transmutation                1
   b - Passwall                       Transmutation/Earth          3
 d - Borgnjor's Grimoire of Evil Rituals

   Spells                             Type                      Level
   a - Animate Skeleton               Necromancy                   1
   b - Vampiric Draining              Necromancy                   3
Comestibles
 f - a bread ration {@e1}


   Skills:
 - Level 1.0 Throwing
   Level 1.0 Shields
 + Level 0.6 Unarmed Combat
 - Level 3.0 Spellcasting
   Level 1.7 Charms
 - Level 3.2 Necromancy


You had 4 spell levels left.
You knew the following spells:

 Your Spells              Type           Power        Failure   Level  Hunger
a - Beastly Appendage     Trmt           #.....       28%         1    #......
b - Animate Skeleton      Necr           N/A          8%          1    #......


Dungeon Overview and Level Annotations

Branches:
Dungeon (1/15)

Altars:


Message History

You are too injured to fight recklessly!
You are too injured to fight recklessly!
You are too injured to fight recklessly!
You are too injured to fight recklessly!
You are too injured to fight recklessly!
A giant newt is nearby!
Unknown command.
You closely miss the giant newt. The giant newt bites you.
You take 1 damage, and have 6/13 hp.
You barely miss the giant newt. The giant newt misses you.
You closely miss the giant newt. The giant newt bites you.
You take 1 damage, and have 5/13 hp.
You miss the giant newt. The giant newt bites you.
* * * LOW HITPOINT WARNING * * *
You take 2 damage, and have 3/13 hp.
You miss the giant newt. The giant newt bites you.
* * * LOW HITPOINT WARNING * * *
You take 1 damage, and have 2/13 hp.
You barely miss the giant newt. The giant newt bites you.
You die...

ਜ.(......ਜ ਜਜ........ਜ
..........ਜ ਜਜ
..........ਜ ਜ.
..........ਜ ਜ.
..........ਜਜਜਜਜ ਜ.
..........ਜ...ਜਜਜਜਜਜਜਜਜ.
.......l....ਜ...........
.......@....≈≈≈≈≈≈≈≈≈ਜਜਜ
..ਜਜਜ.†.ਜ...≈ਜਜਜਜਜਜਜ≈ਜ≈♣
......ਜਜਜ.≈ਜ


ਜਜਜਜ8 ਜ.......ਜ ਜ.≈ਜ ▲.... ਜ.......ਜ ਜ.≈ਜ ਜਜ8ਜ∆ ਜ.......ਜ ਜ.≈ਜ ਜਜਜ∆ ਜ.......ਜ
ਜ.≈ਜ ਜ♣♣... ਜ.......ਜ ♣≈.... ਜ..... You could see a giant newt.

Vanquished Creatures
  A hobgoblin (D:1)
  A giant cockroach zombie (D:1)
  A quokka zombie (D:1)
3 creatures vanquished.

Notes
Turn   | Place    | Note
--------------------------------------------------------------
     0 | D:1      | Goblin1989 the Demonspawn Wanderer began the quest for the Orb.
     0 | D:1      | Goblin1989 set off with: 3 curare-tipped needles, the Guide on Transmigration, Borgnjor's Grimoire of Evil Rituals, a +0 robe, a bread ration {@e1}, a +2 blowgun {@w1}
     0 | D:1      | Reached XP level 1. HP: 13/13 MP: 4/4
     1 | D:1      | Identified the Guide on Transmigration
     1 | D:1      | Identified Borgnjor's Grimoire of Evil Rituals
     3 | D:1      | Learned a level 1 spell: Animate Skeleton
     5 | D:1      | Learned a level 1 spell: Beastly Appendage
   312 | D:1      | Slain by a giant newt

Action                   || total
-------------------------++-------
Melee: Unarmed           ||    32
 Cast: Beastly Appendage ||     1

Vault maps used:
D:1:      saegor_arrival_fortress, hangedman_decor_riveting, lemuel_flame_loot_1
